 Dungeon Crawl Stone Soup version 0.27-a0-1321-gd358eaa319 (webtiles) character file.

Game seed: 4580446118365913038

22 BlueGoblin the Vexing (level 3, -1/20 HPs)
             Began as a Kobold Arcane Marksman on June 22, 2021.
             Slain by a gnoll (7 damage)
             ... on level 2 of the Dungeon.
             The game lasted 00:01:30 (1282 turns).

BlueGoblin the Vexing (Kobold Arcane Marksman)      Turns: 1282, Time: 00:01:31

Health: -1/20      AC:  2    Str:  7    XL:     3   Next: 7%
Magic:  4/4        EV: 15    Int: 14    God:
Gold:   52         SH:  0    Dex: 16    Spells: 3/4 levels left

rFire    . . .     SeeInvis .   a - +0 hand crossbow
rCold    . . .     Faith    .   (shield restricted)
rNeg     . . .     Spirit   .   d - +0 robe
rPois    .         Reflect  .   (no helmet)
rElec    .         Harm     .   (no cloak)
rCorr    .         Rampage  .   (no gloves)
Will     .....                  (no boots)
Stlth    ++........             (no amulet)
HPRegen  0.06/turn              (no ring)
MPRegen  0.09/turn              (no ring)

@: no status effects
A: small, no large weapons, nightstalker 3
a: no special abilities


You were on level 2 of the Dungeon.
You visited 1 branch of the dungeon, and saw 2 of its levels.

You collected 52 gold pieces.

Inventory:

Hand Weapons
 a - a +0 hand crossbow (weapon)
Missiles
 c - 13 bolts (quivered ammo)
Armour
 d - a +0 robe (worn)
Scrolls
 b - a scroll of identify {unknown}
 e - a scroll of magic mapping {unknown}
Potions
 f - a potion of flight {unknown}


   Skills:
 + Level 1.3 Fighting
 + Level 2.8 Crossbows
 + Level 2.8 Dodging
 + Level 1.1 Spellcasting
 + Level 3.5 Hexes


You had 3 spell levels left.
You knew the following spells:

 Your Spells              Type           Power      Damage    Failure   Level
a - Corona                Hex            11%        N/A       6%          1

Your spell library contained the following spells:

 Spells                   Type           Power      Damage    Failure   Level
 Slow                     Hex            10%        N/A       9%          2
 Inner Flame              Hex/Fire       5%         N/A       36%         3
 Portal Projectile        Hex/Tloc       10%        N/A       36%         3
 Cause Fear               Hex            5%         N/A       52%         4
 Leda's Liquefaction      Hex/Erth       2%         N/A       77%         4


Dungeon Overview and Level Annotations

Branches:
Dungeon (2/15)

Altars:


Innate Abilities, Weirdness & Mutations

You are small and have problems with some larger weapons.
You are completely attuned to the shadows.


Message History

Search for what [? for help]? .
There is a stone staircase leading down here.
You climb downwards.
A hobgoblin comes into view.
There is a stone staircase leading up here.
You shoot a bolt. The bolt hits the hobgoblin!
You kill the hobgoblin!
You have reached level 3!
Your experience leads to an increase in your attributes!
Increase (S)trength, (I)ntelligence, or (D)exterity?
You feel agile.
c - 18 bolts (gained 1)
A kobold comes into view. It is wielding a +0 club.
The kobold shouts!
You shoot a bolt. The bolt hits the kobold!
You kill the kobold!
No target in view!
A gnoll and a dart slug come into view.
A gnoll comes into view. It is wielding a +0 whip.
You shoot a bolt. The gnoll shouts! x2
The bolt hits the gnoll.
The gnoll is lightly wounded.
You hear a shout!
The dart slug launches a dart at you. The slug dart misses you.
You shoot a bolt. The bolt hits the gnoll.
The gnoll is moderately wounded.
You shoot a bolt. The bolt hits the gnoll.
The gnoll is severely wounded.
The gnoll misses you. The gnoll barely misses you.
You shoot a bolt. The bolt hits the gnoll.
The gnoll is lightly wounded.
The gnoll hits you from afar with a +0 halberd.
The gnoll hits you with a +0 whip!
* * * LOW HITPOINT WARNING * * *
The dart slug launches a dart at you. The slug dart misses you.
The gnoll hits you from afar with a +0 halberd!
You die...

#... #...
##... #....
#........
#..##
#..(..... #.##
#..g..... #.#
...(gw... #.##
....@...#
#..##
.###.####
#####.. #.#
##.####. #.#
#....... #.#
#######.#####
#.####.......#
#......#######
########


You could see 2 gnolls and a dart slug.

Vanquished Creatures
  A dart slug (D:1)
  3 ball pythons (D:1)
  An endoplasm (D:1)
  A goblin (D:1)
  3 hobgoblins
  A quokka (D:1)
  4 bats (D:1)
  A frilled lizard (D:1)
  2 kobolds
  2 rats (D:1)
19 creatures vanquished.

Notes
Turn   | Place    | Note
-------+----------+-------------------------------------------
     0 | D:1      | BlueGoblin the Kobold Arcane Marksman began the quest for
                  | the Orb.
     0 | D:1      | Reached XP level 1. HP: 12/12 MP: 2/2
   475 | D:1      | Found a faded altar of an unknown god.
   540 | D:1      | Reached XP level 2. HP: 16/16 MP: 3/3
  1221 | D:2      | Reached XP level 3. HP: 20/20 MP: 4/4
  1282 | D:2      | Slain by a gnoll

Illustrated notes

Levels and vault maps discovered:
D:1:      amcnicky_arrival_blooded_trapdoor, layout_basic,
          shapermc_ecumenical_altar_hornbeckon
D:2:      layout_loops_cross, hangedman_feature_mirror,
          kennysheep_cross_bottleneck

Action                   || total
-------------------------++-------
 Fire: Hand crossbow     ||    38
Armor: Robe              ||     2
Dodge: Dodged            ||    15

Table legend: (Time is in decaauts)
 A = Elapsed time spent in this place.
 B = Non-inter-level travel time spent in this place.
 C = Inter-level travel time spent in this place.
 D = Time resting spent in this place.
 E = Time spent auto-exploring this place.
 F = Levels seen in this place.
 G = Mean time per level.
                   A        B        C        D        E       F      G
               +--------+--------+--------+--------+--------+-----+--------+
         Total |   1301 |   1269 |     32 |      0 |   1175 |   2 |  650.5 |
       Dungeon |   1301 |   1269 |     32 |      0 |   1175 |   2 |  650.5 |
               +--------+--------+--------+--------+--------+-----+--------+

Top non-repeatable levels by time:
     D:1: 1237 daAuts
     D:2: 64 daAuts
